 Dungeon Sprint DCSS version 0.17-a0-1651-gae1a69f (webtiles) character file.

186 nuthulu the Insei (level 5, -11/51 HPs)
             Began as a Naga Transmuter on Aug 14, 2015.
             Killed by a malign offering
             ... invoked by a deep elf priest
              (21 damage)
             ... in the Dungeon (Sprint III: "The Ten Rune Challenge").
             The game lasted 00:04:05 (843 turns).

nuthulu the Insei (Naga Transmuter)                  Turns: 843, Time: 00:04:06

Health: -11/51     AC:  2    Str: 12    XL:     5   Next: 65%
Magic:  9/12       EV: 22    Int: 14    God:
Gold:   34         SH:  0    Dex: 17    Spells: 2 memorised, 9 levels left

rFire  . . .     SeeInvis +       - Unarmed
rCold  . . .     Clarity  .     (armour currently unavailable)
rNeg   . . .     SustAt   .     (shield currently unavailable)
rPois  x         Gourm    .     (helmet currently unavailable)
rElec  .         Spirit   .     (cloak currently unavailable)
rCorr  .         Warding  .     (gloves currently unavailable)
rMut   .         NoTele   +     (no barding)
MR     .....                    (no amulet)
Stlth  ++........               (no ring)
                                (no ring)

@: spider-form (expiring), not resistant to hostile enchantments, unstealthy
A: (iridescent scales 0), see invisible, blink 1, (deformed body), (poison
resistance), (slowness 0), slow metabolism 1, spit poison 2, subdued magic 1, AC
+1
a: Spit Poison, End Transformation, Blink


You were in the Dungeon.
You were not hungry.
You were a venomous arachnid creature.
You visited 1 branch You collected 34 gold pieces.

Inventory:

Missiles
 a - 12 arrows
Armour
 b - a +0 robe (melded)
 l - a +0 cloak (melded)
Magical devices
 k - a wand of slowing (20)
Scrolls
 g - a scroll of immolation
 i - 2 scrolls of remove curse
 j - a scroll of blinking
Potions
 e - 2 potions of curing
 h - 2 potions of magic
 n - 4 potions of flight
 p - a potion of cure mutation {unknown}
Books
 c - a book of Changes

   Spells                             Type                      Level
   a - Beastly Appendage              Transmutation                1
   b - Sticks to Snakes               Transmutation                2
   c - Spider Form                    Transmutation/Poison         3
   d - Ice Form                       Ice/Transmutation            4
   e - Blade Hands                    Transmutation                5
 f - a book of Debilitation

   Spells                             Type                      Level
   a - Corona                         Hexes                        1
   b - Slow                           Hexes                        2
   c - Gell's Gravitas                Hexes/Translocation          3
   d - Inner Flame                    Hexes/Fire                   3
   e - Cause Fear                     Hexes                        4
   f - Leda's Liquefaction            Hexes/Earth                  4
 o - a book of Death

   Spells                             Type                      Level
   a - Corpse Rot                     Necromancy                   2
   b - Sublimation of Blood           Necromancy                   2
   c - Agony                          Necromancy                   5
   d - Dispel Undead                  Necromancy                   5
   e - Excruciating Wounds            Charms/Necromancy            5
   f - Bolt of Draining               Conjuration/Necromancy       5
Comestibles
 d - 2 bread rations
 m - a royal jelly


   Skills:
 + Level 4.8 Fighting
 + Level 4.3 Dodging
 + Level 5.8 Unarmed Combat
 + Level 4.9 Spellcasting
 + Level 5.3 Transmutations


You had 9 spell levels left.
You knew the following spells:

 Your Spells              Type           Power        Failure   Level  Hunger
a - Beastly Appendage     Trmt           ##....       3%          1    None
b - Spider Form           Trmt/Pois      #.........   26%         3    ###....


Dungeon Overview and Level Annotations

Branches:
Dungeon (1/1)

Altars:
Elyvilon
Kikubaaqudgha
Sif Muna
Vehumet
Zin
The Shining One


Innate Abilities, Weirdness & Mutations

You cannot wear boots.
((Your serpentine skin is tough (AC +1).))
You have supernaturally acute eyesight.
((Armour fits poorly on your strangely shaped body.))
((Your system is resistant to poisons.))
((You cover ground very slowly.))
You have a slow metabolism.
You can spit poison.
((You are partially covered in iridescent scales (AC +4).))
You can translocate small distances at will.
Your spells are a little easier to cast, but a little less powerful.


Message History

You bite the deep elf priest!
The deep elf priest looks even sicker.
The deep elf priest is heavily wounded.
The deep elf priest misses you.
You hit the deep elf priest.
The deep elf priest is heavily wounded.
The deep elf priest calls down the wrath of its god upon you.
Pain shoots through your body!
You hit the deep elf priest.
The deep elf priest is severely wounded.
The deep elf priest hits you with a long sword of holy wrath!
Unknown command.
You hit the deep elf priest.
The deep elf priest is almost dead.
The deep elf priest utters a dark prayer and points at you.
Your life force is offered up.
* * * LOW HITPOINT WARNING * * *
The deep elf priest is healed.
The deep elf priest utters a dark prayer and points at you.
Your life force is offered up.
You die...

▓▓▓▓ ▓▓▓ )..#### ##.#####
......#####..#___#
...)...#..#..#e..#
#.##...#..#..###s#+###+##
#.###..##'#..#..........#
##.##..###...+.⌠........#
..##..####...#...######+#
..##.)###....#.⌠.#
.##...##.....#...#
##....#......#)###
##..##.#.....#)..# #..
####....#___#


You could see a deep elf priest.

Vanquished Creatures
  A water elemental (D)
  Crazy Yiuf (D)
  Jessica (D)
  A wizard (D)
  A kobold demonologist (D)
  A human (D)
  2 oozes (D)
  A rat (D)
9 creatures vanquished.

Vanquished Creatures (others)
  2 draconian scorchers (D)
  2 yaktaurs (D)
4 creatures vanquished.

Grand Total: 13 creatures vanquished

Notes
Turn   | Place    | Note
--------------------------------------------------------------
     0 | D        | nuthulu the Naga Transmuter began the quest for the Orb.
     0 | D        | Reached XP level 1. HP: 18/18 MP: 3/3
    89 | D        | Killed a yaktaur
   101 | D        | Reached XP level 2. HP: 19/26 MP: 2/5
   147 | D        | Killed a yaktaur
   184 | D        | Noticed Jessica
   190 | D        | Killed a white draconian scorcher
   191 | D        | Killed Jessica
   191 | D        | Reached skill level 4 in Unarmed Combat
   191 | D        | Reached XP level 3. HP: 29/33 MP: 4/7
   196 | D        | Killed a white draconian scorcher
   231 | D        | Noticed Crazy Yiuf
   240 | D        | Killed Crazy Yiuf
   240 | D        | Reached XP level 4. HP: 42/42 MP: 6/9
   402 | D        | Learned a level 3 spell: Spider Form
   544 | D        | Gained mutation: Your flesh is heat resistant. [potion of mutation]
   544 | D        | Gained mutation: You are partially covered in iridescent scales (AC +4). [potion of mutation]
   544 | D        | Lost mutation: Your flesh is heat resistant. [potion of mutation]
   545 | D        | Gained mutation: You can translocate small distances at will. [potion of mutation]
   545 | D        | Gained mutation: Your spells are a little easier to cast, but a little less powerful. [potion of mutation]
   551 | D        | Noticed a water elemental
   564 | D        | Killed a water elemental
   564 | D        | Reached skill level 5 in Unarmed Combat
   564 | D        | Reached XP level 5. HP: 13/51 MP: 7/11
   805 | D        | Found a radiant altar of Vehumet.
   805 | D        | Found a deep blue altar of Sif Muna.
   805 | D        | Found an ancient bone altar of Kikubaaqudgha.
   805 | D        | Noticed a wizard
   812 | D        | Killed a wizard
   812 | D        | Reached skill level 5 in Transmutations
   817 | D        | Noticed a sixfirhy
   835 | D        | Found a glowing silver altar of Zin.
   835 | D        | Found a glowing golden altar of the Shining One.
   835 | D        | Found a white marble altar of Elyvilon.
   836 | D        | Noticed a deep elf priest
   843 | D        | Killed from afar by a deep elf priest

Vault maps used:
D:        dungeon_sprint_mu

Action                   |  1- 3 |  4- 6 || total
-------------------------+-------+-------++-------
Melee: Unarmed           |    24 |    50 ||    74
 Cast: Beastly Appendage |     3 |     3 ||     6
       Spider Form       |       |     3 ||     3
  Use: Potion            |     1 |     4 ||     5
       Scroll            |       |     3 ||     3
